 Dungeon Crawl Stone Soup version 0.25-a0-942-g87a5396 (webtiles) character file.

Game seed: 16700767273738625376, levelgen mode: deterministic

9163 DrEnzyme the Thaumaturge (level 11, -29/64 HPs)
             Began as a Kobold Wanderer on May 6, 2020.
             Was a Follower of Ashenzari.
             Killed from afar by an orc sorcerer (33 damage)
             ... with a bolt of negative energy
             ... led by an orc knight
             ... on level 1 of the Orcish Mines.
             The game lasted 00:46:43 (18109 turns).

DrEnzyme the Thaumaturge (Kobold Wanderer)         Turns: 18109, Time: 00:46:43

Health: -29/64     AC:  9    Str: 10    XL:     11   Next: 69%
Magic:  20/26      EV: 19    Int: 19    God:    Ashenzari [*.....]
Gold:   379        SH:  0    Dex: 12    Spells: 14/32 levels left

rFire    . . .     SeeInvis .   b - +0 short sword (venom)
rCold    + . .     Gourm    .   (shield restricted)
rNeg     . . .     Faith    .   Q - +2 leather armour {rC+}
rPois    .         Spirit   .   (no helmet)
rElec    .         Reflect  .   g - +0 cloak (curse)
rCorr    .         Harm     .   L - +0 pair of gloves (curse)
MR       .....                  n - +1 pair of boots (curse)
Stlth    +++.......             (no amulet)
HPRegen  0.20/turn              r - +3 ring of evasion (curse)
MPRegen  0.20/turn              A - +2 ring of evasion

@: heavily drained
A: small, carnivore
a: Curse Item, Scrying, Renounce Religion


You were on level 1 of the Orcish Mines.
You worshipped Ashenzari.
Ashenzari was aware of your devotion.
You were very full.

You visited 4 branches of the dungeon, and saw 13 of its levels.
You also visited: Ossuary.

You collected 379 gold pieces.

Inventory:

Hand Weapons
 a - a +2 falchion of holy wrath
 b - a +0 short sword of venom (weapon)
Missiles
 e - 5 silver boomerangs (quivered)
Armour
 d - a +0 robe
 g - a cursed +0 cloak (worn)
 n - a cursed +1 pair of boots (worn)
 s - a +0 buckler
 F - a scarf of spirit shield
 L - a cursed +0 pair of gloves (worn)
 Q - a +2 leather armour of cold resistance (worn)
Magical Staves
 p - an uncursed staff of wizardry
Jewellery
 c - a +5 ring of evasion
 r - a cursed +3 ring of evasion (left hand)
 A - a +2 ring of evasion (right hand)
 D - an uncursed ring of see invisible
 M - an uncursed ring of stealth
 N - an uncursed ring of flight
Wands
 o - a wand of digging (5)
 G - a wand of flame (35)
 H - a wand of random effects (48)
 I - a wand of iceblast (15)
 J - a wand of polymorph (12)
 P - a wand of enslavement (15)
Scrolls
 h - 5 scrolls of remove curse
 i - a scroll of identify
 v - a scroll of amnesia
 y - 2 scrolls of holy word
 K - 2 scrolls of fog
 O - a scroll of magic mapping
Potions
 k - a potion of brilliance {unknown}
 l - 3 potions of mutation
 m - 2 potions of might {unknown}
 q - a potion of haste
 t - 2 potions of curing
 u - a potion of cancellation {unknown}
 x - 2 potions of heal wounds {unknown}
 z - a potion of magic {unknown}
 B - 2 potions of flight {unknown}
 C - a potion of stabbing {unknown}
 E - a potion of resistance {unknown}
Miscellaneous
 j - a box of beasts
Comestibles
 f - 19 rations


   Skills:
 * Level 5.5(4.0) Fighting
 * Level 5.2(4.8) Short Blades
 + Level 3.3(2.6) Long Blades
   Level 1.3(0.0) Polearms
 - Level 1.6(0.3) Armour
 + Level 4.1(2.7) Dodging
 * Level 8.6(7.0) Stealth
 - Level 4.0(2.6) Shields
 + Level 11.2(9.6) Spellcasting
 + Level 1.1(0.0) Hexes
   Level 1.0(0.0) Earth Magic
 + Level 6.9(5.4) Poison Magic
 - Level 1.2(0.0) Evocations


You had 14 spell levels left.
You knew the following spells:

 Your Spells              Type           Power        Failure   Level  Hunger
a - Poisonous Vapours     Pois/Air       ###...       5%          2    None
b - Olgreb's Toxic Radia  Pois           ####....     11%         4    ###....
c - Confusing Touch       Hex            #.......     32%         3    None
d - Ensorcelled Hibernat  Hex/Ice        #.....       16%         2    None
e - Mephitic Cloud        Conj/Pois/Air  ###.....     16%         3    None
g - Ignite Poison         Fire/Tmut/Pois ###.....     16%         3    None
h - Corona                Hex            #......      11%         1    None

Your spell library contained the following spells:

 Spells                   Type           Power        Failure   Level  Hunger
 Sting                    Tmut/Pois      ###.         3%          1    None
 Dazzling Flash           Conj/Hex       #.....       32%         3    None
 Gell's Gravitas          Tloc           #.........   32%         3    None
 Tukima's Dance           Hex            #.......     32%         3    None
 Petrify                  Tmut/Erth      #.......     71%         4    ###....
 Metabolic Englaciation   Hex/Ice        #.........   96%         5    #####..
 Yara's Violent Unravell  Hex/Tmut       #.........   96%         5    #####..


Dungeon Overview and Level Annotations

Branches:
Dungeon (9/15)             Temple (1/1) D:6            Lair (2/6) D:9
    Orc (1/2) D:9         Ossuary (visited)
  Swamp: Lair:2-4    Shoals: Lair:2-4     Snake: Lair:2-4    Spider: Lair:2-4

Altars:
Ashenzari
Cheibriados
Dithmenos
Elyvilon
Fedhas
Gozag
Hepliaklqana
Kikubaaqudgha
Makhleb
Nemelex Xobeh
Okawaru
Qazlal
Ru
Sif Muna
Trog
Uskayaw
Vehumet
Wu Jian
Xom
Yredelemnul
Zin
The Shining One

Annotations:
D:8 1 runed translucent door, exclusions: 2 doors and ice beast
Lair:1 exclusion: hydra


Innate Abilities, Weirdness & Mutations

You are small and have problems with some larger weapons.
You are carnivorous and can eat meat at any time.


Message History

Casting: Olgreb's Toxic Radiance (dangerous; 8% risk of failure)
Confirm with . or Enter, or press ? or * to list all spells.
You begin to radiate toxic energy.
The orc sorcerer points at you and mumbles some strange words.
The bolt of fire hits you!!
Ouch! That really hurt!
* * * LOW HITPOINT WARNING * * *
You hit the orc sorcerer but do no damage.
The orc sorcerer looks as sick as possible!
The orc sorcerer is severely wounded.
The orc sorcerer mumbles some strange words.
You hit the orc sorcerer but do no damage.
The orc sorcerer looks as sick as possible!
The orc sorcerer is almost dead.
The chaos spawn is poisoned.
Your toxic aura wanes.
The orc sorcerer points at you and mumbles some strange words.
The bolt of negative energy hits you!!
You feel drained.
Ouch! That really hurt!
You die...

# .## ..##
###...##
###o.....#
#.$@4...# #
##..#......
##.#$.†#
.....
#.....##
#...
####..<# ..
#....# #
##.....
#.....#
........


You could see a chaos spawn and an orc sorcerer.

Vanquished Creatures
  An orc knight (D:9)
  Pikel (D:7)
  Joseph (D:8)
  A spiny frog (Lair:1)
  A komodo dragon (Lair:1)
  A queen bee (D:7)
  A troll (D:6)
  A hippogriff (D:7)
  5 yaks (Lair:1)
  A hungry ghost (D:6)
  2 wargs
  3 water moccasins
  5 porcupines
  2 orc warriors (D:9)
  4 sky beasts
  An eye of draining (D:8)
  A black bear (D:8)
  3 slaves
  3 ogres
  2 phantoms
  3 centaurs
  A gnoll sergeant (D:8)
  2 big kobolds
  3 bullfrogs
  A water moccasin zombie (D:8)
  11 scorpions
  16 killer bees (D:8)
  3 electric eels (Lair:1)
  7 wights
  4 centaur zombies
  5 crimson imps
  7 hounds
  4 human zombies (Ossuary)
  A jelly (D:9)
  2 orc priests
  8 orc wizards
  An iguana (D:9)
  5 worker ants
  A big kobold zombie (Ossuary)
  3 mummies (Ossuary)
  3 worker ant zombies
  5 gnolls (D:8)
  9 adders
  A shadow imp (D:8)
  2 adder zombies (D:7)
  2 adder skeletons
  4 worms
  A dart slug (D:2)
  3 leopard geckos
  19 orcs
  10 giant cockroaches
  A gnoll zombie (Ossuary)
  7 goblins
  6 hobgoblins
  14 jackals
  4 quokkas
  2 ball pythons (D:4)
  6 bats
  4 frilled lizards
  A goblin zombie (Ossuary)
  3 hobgoblin zombies (Ossuary)
  16 kobolds
  3 kobold zombies (Ossuary)
  2 leopard gecko skeletons (D:6)
  A leopard gecko zombie (D:5)
  A quokka zombie (D:5)
  5 rats
  A rat zombie (D:5)
264 creatures vanquished.

Vanquished Creatures (others)
  An orc wizard (D:7)
  A quokka skeleton (D:5)
  2 plants (D:9)
4 creatures vanquished.

Grand Total: 268 creatures vanquished

Notes
Turn   | Place    | Note
-------+----------+-------------------------------------------
     0 | D:1      | DrEnzyme the Kobold Wanderer began the quest for the Orb.
     0 | D:1      | DrEnzyme set off with the following items: a +0 spear, a
                  | potion of lignification, a +0 robe, a ration; and the
                  | following spell memorised: Sting; and the following spells
                  | available to memorise: Poisonous Vapours, Ignite Poison,
                  | Mephitic Cloud, Olgreb's Toxic Radiance
     0 | D:1      | Reached XP level 1. HP: 14/14 MP: 1/1
   304 | D:1      | Reached XP level 2. HP: 12/19 MP: 0/2
  1018 | D:1      | Reached skill level 1 in Spellcasting
  1099 | D:1      | Reached XP level 3. HP: 24/24 MP: 2/4
  1124 | D:1      | Learned a level 2 spell: Poisonous Vapours
  1468 | D:2      | Reached skill level 1 in Polearms
  1513 | D:2      | Reached XP level 4. HP: 29/29 MP: 3/6
  1756 | D:2      | Reached skill level 2 in Spellcasting
  1923 | D:2      | Reached skill level 1 in Dodging
  2587 | D:2      | Reached XP level 5. HP: 33/33 MP: 3/8
  3134 | D:3      | Found an ancient bone altar of Kikubaaqudgha.
  3137 | D:3      | Found a sacrificial altar of Ru.
  3162 | D:3      | Found an ornate altar of the Wu Jian Council.
  3601 | D:3      | Reached skill level 3 in Spellcasting
  3686 | D:3      | Found a snail-covered altar of Cheibriados.
  4437 | D:4      | Learned a level 3 spell: Confusing Touch
  4438 | D:4      | Found a bloodstained altar of Trog.
  5038 | D:5      | Entered Level 5 of the Dungeon
  5059 | D:4      | Reached skill level 4 in Spellcasting
  5059 | D:4      | Reached XP level 6. HP: 34/38 MP: 1/12
  5179 | D:5      | Noticed a sky beast
  5183 | D:5      | Found a sand-covered staircase.
  5199 | Ossuary  | Entered an ossuary
  5383 | Ossuary  | Reached skill level 5 in Spellcasting
  5383 | Ossuary  | Reached XP level 7. HP: 42/42 MP: 9/14
  5545 | Ossuary  | Reached skill level 1 in Shields
  6346 | Ossuary  | Reached skill level 6 in Spellcasting
  6467 | Ossuary  | Reached XP level 8. HP: 48/48 MP: 9/17
  7069 | D:5      | Reached skill level 7 in Spellcasting
  7306 | D:5      | Reached skill level 1 in Short Blades
  7706 | D:5      | Reached XP level 9. HP: 45/52 MP: 11/20
  8025 | D:5      | Found a stormy altar of Qazlal.
  8488 | D:6      | Reached skill level 8 in Spellcasting
  8574 | D:6      | Learned a level 2 spell: Ensorcelled Hibernation
  8578 | D:6      | Learned a level 3 spell: Mephitic Cloud
  8702 | D:6      | Found a staircase to the Ecumenical Temple.
  8768 | Temple   | Entered the Ecumenical Temple
  9097 | Temple   | Learned a level 4 spell: Olgreb's Toxic Radiance
  9101 | Temple   | Learned a level 3 spell: Ignite Poison
  9137 | Temple   | Became a worshipper of Ashenzari the Shackled
  9590 | D:6      | Found a shimmering altar of Xom.
  9657 | D:6      | Found a radiant altar of Vehumet.
  9658 | D:6      | Found a burning altar of Makhleb.
  9961 | D:7      | Noticed a troll
 10071 | D:6      | Killed a troll
 10506 | D:7      | Noticed Pikel
 10740 | D:6      | Reached skill level 5 in Poison Magic
 10843 | D:7      | Reached skill level 5 in Stealth
 10874 | D:7      | Reached skill level 9 in Spellcasting
 10874 | D:7      | Reached XP level 10. HP: 58/58 MP: 17/23
 11296 | D:7      | Killed Pikel
 11663 | D:8      | Found a runed translucent door.
 11663 | D:8      | Noticed an angel
 11664 | D:8      | Found a glowing silver altar of Zin.
 11757 | D:8      | Learned a level 1 spell: Corona
 11811 | D:8      | Found a white marble altar of Elyvilon.
 11879 | D:8      | Found a glowing silver altar of Zin.
 12111 | D:8      | Reached skill level 1 in Long Blades
 12357 | D:8      | Noticed Joseph
 12501 | D:7      | Reached skill level 10 in Spellcasting
 13417 | D:8      | Killed Joseph
 13417 | D:8      | Reached skill level 5 in Fighting
 13689 | D:8      | Reached XP level 11. HP: 63/63 MP: 11/25
 15033 | D:9      | Found a staircase to the Lair.
 15070 | Lair:1   | Entered Level 1 of the Lair of Beasts
 15132 | Lair:1   | Reached * piety under Ashenzari
 15636 | Lair:1   | Noticed an eight-headed hydra
 16563 | Lair:1   | Reached skill level 11 in Spellcasting
 17362 | D:9      | Reached skill level 5 in Short Blades
 17712 | D:9      | Found a staircase to the Orcish Mines.
 17942 | Orc:1    | Entered Level 1 of the Orcish Mines
 17942 | Orc:1    | Noticed an orc knight
 17995 | D:9      | Killed an orc knight
 17995 | D:9      | Reached skill level 1 in Hexes
 18089 | Orc:1    | Noticed an orc sorcerer
 18101 | Orc:1    | Paralysed by an orc sorcerer for 5 turns
 18107 | Orc:1    | HP: 3/64 [orc sorcerer/bolt of fire[an orc knight] (33)]
 18109 | Orc:1    | Killed from afar by an orc sorcerer

Levels and vault maps discovered:
D:1:      scummos_arrival_simple_crosswalls, layout_basic
D:2:      layout_basic
D:3:      layout_loops_ring, lemuel_doored_altar, grunt_temple_overflow_diamond,
          serial_rivers, chequers_serial_rivers_room_a,
          chequers_serial_rivers_micro_a, chequers_serial_rivers_large_a,
          chequers_serial_rivers_micro_e, minmay_misc_feat_rugged
D:4:      layout_cave_pools, first_ration, bloody_trog
D:5:      layout_rooms, grunt_qazlal_clouds, enter_ossuary_4, hex_large,
          moated_statue, wad_rectangle_vault
D:6:      layout_loops_ring, grunt_temple_overflow_lords_of_destruction,
          xom_teletrap_fun, minmay_temple_entry_hall
D:7:      layout_rooms, uniq_pikel
D:8:      layout_basic, grunt_temple_overflow_open, david_nohive_1,
          lemuel_angel_altar, uniq_maggie, uniq_joseph
D:9:      layout_roguey, erik_lair_orcish_takeover
Temple:   minmay_temple_forest_path
Lair:1:   layout_gridlike, serial_bayou_lagoon_b, uniq_gastronok
Lair:2:   gammafunk_lair_enchanted_lake, layout_chaotic_city, serial_rivers,
          chequers_serial_rivers_small_b, chequers_serial_rivers_room_a,
          chequers_serial_rivers_marsh, chequers_serial_rivers_small_a,
          chequers_serial_rivers_micro_d, beast_lair_carwin_4
Orc:1:    layout_diamond_mine

Skill      XL: |  1  2  3  4  5  6  7  8  9 10 11 |
---------------+----------------------------------+-----
Spellcasting   | 1 2 4 5 6 7 9 10 11 | 11.2
Stealth        | 2 3 5 7 8 |  8.6
Polearms       | 1 |  1.3
Dodging        | 1 2 3 4 |  4.1
Shields        | 1 2 3 4 |  4.0
Fighting       | 4 5 |  5.5
Poison Magic   | 3 4 5 6 |  6.9
Short Blades   | 1 3 4 5 |  5.2
Long Blades    | 2 3 |  3.3
Hexes          | 1 |  1.1
Armour         | |  1.6
Earth Magic    | |  1.0
Evocations     | |  1.2

Action                   |  1- 3 |  4- 6 |  7- 9 | 10-12 || total
-------------------------+-------+-------+-------+-------++-------
Melee: Spear             |    56 |    28 |       |       ||    84
       Short sword       |       |    28 |       |    49 ||    77
       Falchion          |       |    18 |   172 |   192 ||   382
Throw: Boomerang         |       |       |       |     3 ||     3
 Cast: Sting             |    16 |     1 |       |       ||    17
       Poisonous Vapours |     7 |    62 |   124 |   100 ||   293
       Confusing Touch   |       |       |     1 |     6 ||     7
       Olgreb's Toxic Ra |       |       |       |    50 ||    50
       Corona            |       |       |       |     9 ||     9
       Ensorcelled Hiber |       |       |       |     3 ||     3
Invok: Curse Item        |       |       |     2 |     2 ||     4
Evoke: Wand              |       |       |     1 |     1 ||     2
  Use: Scroll            |       |     7 |     7 |     7 ||    21
       Potion            |       |     1 |     1 |     6 ||     8
 Stab: Sleeping          |     5 |     1 |     5 |     6 ||    17
       Distracted        |       |       |     1 |       ||     1
       Invisible         |       |       |     1 |     2 ||     3
       Confused          |       |       |       |     3 ||     3
  Eat: Chunk             |    11 |    16 |    16 |    33 ||    76
       Ration            |       |       |     1 |       ||     1
Armor: Robe              |    12 |     5 |    26 |    16 ||    59
       Skin              |       |    21 |       |       ||    21
       Leather armour    |       |       |       |    18 ||    18
Dodge: Dodged            |    52 |    57 |   180 |   278 ||   567
       Rpst.: Falchion   |       |     3 |    63 |    62 ||   128

Table legend:
 A = Non-vault XP
 B = Vault XP
 C = Vault XP percentage of total XP
 D = Non-vault monster count
 E = Vault monster count
 F = Vault count percentage of total count
                 A         B        C        D         E       F
            +---------+---------+-------+---------+---------+-------
      Total |    9009 |    4082 |  31.2 |     201 |      61 |  23.3
            +---------+---------+-------+---------+---------+-------
        D:1 |      30 |       0 |   0.0 |      19 |       0 |   0.0
        D:2 |     113 |       0 |   0.0 |      23 |       0 |   0.0
        D:3 |      35 |       0 |   0.0 |      14 |       0 |   0.0
        D:4 |     123 |       0 |   0.0 |       8 |       0 |   0.0
        D:5 |     789 |     358 |  31.2 |      23 |       8 |  25.8
        D:6 |    1122 |      50 |   4.3 |      14 |       1 |   6.7
        D:7 |    1038 |     946 |  47.7 |      27 |       2 |   6.9
        D:8 |     891 |    1433 |  61.7 |      25 |      17 |  40.5
        D:9 |    1774 |     376 |  17.5 |      30 |       6 |  16.7
     Lair:1 |    2648 |       0 |   0.0 |      15 |       0 |   0.0
     Lair:2 |     281 |       0 |   0.0 |       2 |       0 |   0.0
      Orc:1 |     165 |       0 |   0.0 |       1 |       0 |   0.0
    Ossuary |       0 |     919 | 100.0 |       0 |      27 | 100.0
            +---------+---------+-------+---------+---------+-------
